Map: Eternal Empire LE

Players

Ratl

  • Race: Protoss Protoss
  • League: Bronze
  • Spawn Location: 7:00

scipioni - Winner!

  • Race: Terran Terran
  • League: Silver
  • Spawn Location: 1:00

VOD

Have the link to the VOD?

Description

Time

  • Played on: Jan. 7, 2020, 3:41 p.m.
  • Length: 9:30
Show
View Real Time Build Order
Export as new Build Order

Ratl Protoss 

Build Orders:  

Get SALT Encoding   

  12  0:03  Probe (Chrono Boost)  
  14  0:15  Probe (Chrono Boost)  
  14  0:25  Probe (Chrono Boost)  
  15  0:35  Pylon  
  15  0:53  Probe  
  16  0:57  Gateway  
  16  1:05  Probe  
  16  1:07  Gateway  
  17  1:16  Gateway  
  17  1:23  Gateway  
  17  1:29  Assimilator  
  17  1:31  Probe  
  18  1:33  Assimilator  
  18  1:36  Pylon  
  18  1:43  Probe  
  19  1:55  Probe  
  20  2:04  Cybernetics Core  
  20  2:07  Probe  
  21  2:20  Probe  
  21  2:22  Pylon  
  22  2:32  Probe  
  23  2:41  Stalker  
  23  2:42  Warp Gate (Chrono Boost)  
  23  2:43  Stalker  
  23  2:44  Probe  
  28  2:56  Probe  
  28  2:57  Nexus  
  29  3:10  Probe  
  30  3:16  Robotics Facility  
  30  3:21  Gateway  
  30  3:26  Gateway  
  30  3:29  Probe  
  31  3:34  Stalker  
  33  3:41  Stalker  
  35  3:51  Probe  
  36  4:03  Probe  
  36  4:05  Observer  
  38  4:12  Pylon  
  38  4:19  Pylon  
  38  4:20  Probe x2  
  38  4:21  Assimilator  
  40  4:25  Assimilator  
  40  4:32  Probe x2  
  40  4:36  Immortal  
  46  4:44  Stalker  
  48  4:48  Stalker  
  50  4:59  Robotics Bay  
  50  5:07  Gateway  
  50  5:13  Shield Battery  
  50  5:16  Probe x2  
  52  5:23  Pylon  
  52  5:26  Stalker  
  52  5:28  Probe x2, Stalker  
  58  5:39  Immortal  
  62  5:56  Extended Thermal Lance (Chrono Boost)  
  62  6:00  Forge  
  62  6:02  Forge  
  62  6:11  Stalker x3  
  62  6:16  Probe x2  
  70  6:28  Probe x2  
  72  6:37  Colossus  
  78  6:50  Pylon  
  78  7:01  Pylon  
  78  7:02  Pylon  
  78  7:08  Probe  
  78  7:14  Stalker  
  78  7:15  Stalker x2  
  85  7:30  Probe x2  
  87  7:44  Nexus  
  87  7:47  Assimilator  
  87  7:51  Assimilator  
  73  7:54  Pylon  
  73  7:57  Pylon, Stalker x3  
  73  7:58  Stalker x2  
  63  8:00  Pylon  
  44  8:18  Photon Cannon  
  44  8:20  Photon Cannon  
  44  8:23  Photon Cannon  
  44  8:24  Photon Cannon  
  44  8:25  Stalker x2  
  48  8:27  Stalker  
  48  8:34  Shield Battery  
  33  8:43  Stalker  
  33  8:45  Stalker  
  33  8:59  Stalker  
  33  9:13  Probe (Chrono Boost)  
  34  9:23  Probe (Chrono Boost)  
Show
View Real Time Build Order
Export as new Build Order

scipioni Terran - Winner!

Build Orders:  

Get SALT Encoding   

  12  0:01  SCV  
  13  0:15  Supply Depot  
  13  0:19  SCV  
  14  0:27  Refinery  
  14  0:40  Barracks  
  14  0:43  SCV  
  15  0:56  SCV  
  16  1:08  SCV  
  17  1:20  SCV  
  18  1:27  Supply Depot  
  18  1:28  Marine  
  19  1:42  Barracks  
  19  1:47  Barracks Tech Lab  
  19  2:02  Command Center  
  19  2:05  Marine  
  20  2:18  Orbital Command  
  20  2:24  Marine  
  21  2:31  Barracks Reactor  
  21  2:44  Supply Depot  
  21  2:46  Marauder  
  23  2:53  SCV  
  23  2:57  Stimpack  
  24  3:11  Marine x2  
  24  3:12  Engineering Bay  
  26  3:14  Marine  
  27  3:21  Orbital Command  
  27  3:25  SCV  
  28  3:30  Marine x2  
  30  3:36  Marauder  
  32  3:45  Factory  
  32  3:46  SCV  
  33  3:55  SCV  
  33  4:01  Marauder  
  33  4:02  Marine x2  
  38  4:08  SCV  
  39  4:11  Refinery  
  39  4:26  Marine x2  
  39  4:28  Marauder  
  43  4:34  Starport  
  43  4:36  Concussive Shells  
  43  4:43  SCV  
  44  4:47  Marine  
  44  4:48  Marine  
  44  4:50  SCV  
  44  4:51  Factory Tech Lab  
  47  5:00  Supply Depot  
  47  5:09  Marine x2  
  47  5:12  Marauder  
  51  5:14  Starport Reactor  
  51  5:22  Terran Infantry Weapons Level 1  
  51  5:24  Supply Depot  
  51  5:28  Marine x2  
  53  5:33  Marauder  
  55  5:47  Marine x2  
  57  5:55  Marauder  
  57  5:57  Medivac  
  61  6:07  Supply Depot  
  61  6:12  Marine x2  
  61  6:15  Barracks  
  63  6:20  Medivac  
  65  6:26  SCV  
  65  6:32  Refinery  
  66  6:37  Marine x2  
  66  6:38  SCV  
  71  6:40  Marauder  
  71  6:48  Supply Depot  
  71  7:04  Armory  
  71  7:07  Marauder  
  73  7:08  Marine  
  73  7:09  Marine  
  73  7:11  Barracks Reactor  
  75  7:17  Terran Infantry Armor Level 1  
  75  7:40  Marine x2  
  75  7:42  Marauder  
  75  7:43  Siege Tank  
  57  8:18  Marine x4  
  57  8:19  Marine  
  61  9:02  Marine  
  61  9:03  Marine x2  
  61  9:04  Marine  
  61  9:05  Marauder  
Tags
 
Add a new tag
Caveats
  • Supply blocks, unpowered buildings, or Contaminate may cause inaccurate times.
  • Supply counts are checked every 10 seconds.